 Dungeon Crawl Stone Soup version 0.31.0-11-ge490571c62 (webtiles) character file.

Game seed: 9518436048694738743

849 dialectric the Covert (level 8, -5/51 HPs)
             Began as an Octopode Brigand on Jan 28, 2024.
             Slain by a two-headed ogre
             ... wielding a +0 dire flail
              (9 damage)
             ... on level 6 of the Dungeon.
             The game lasted 00:05:59 (3924 turns).

dialectric the Covert (Octopode Brigand)            Turns: 3924, Time: 00:05:59

Health: -5/51      AC:  1    Str:  9 (10) XL:     8   Next: 1%
Magic:  17/17      EV: 13    Int: 18 (19) God:
Gold:   234        SH:  0    Dex: 20 (22) Spells: 7/7 levels left

rFire   . . .        k - +4 dagger
rCold   . . .        (no shield)
rNeg    . . .        (helmet restricted)
rPois   .            (no amulet)
rElec   .            i - +6 ring of dexterity
rCorr   .            j - +6 ring of intelligence
SInv    .            r - ring of magical power
Will    .....        (no ring)
Stlth   ++++++       (no ring)
HPRegen 0.28/turn    (no ring)
MPRegen 0.15/turn    (no ring)
                     (no ring)

%: no passive effects
@: no status effects
A: almost no armour, amphibious, 8 rings, camouflage 1, gelatinous body 1,
(nimble swimmer 1), tentacles, antennae 1
a: no special abilities


You were on level 6 of the Dungeon.
You visited 1 branch of the dungeon, and saw 6 of its levels.

You collected 234 gold pieces.

Inventory:

Hand Weapons
 a - a +2 dagger
 k - a +4 dagger (weapon)
Missiles
 b - 20 poisoned darts (quivered)
 c - 2 curare-tipped darts
Armour
 u - a +2 hat
Jewellery
 i - a +6 ring of dexterity (left tentacle)
 j - a +6 ring of intelligence (right tentacle)
 r - a ring of magical power (on tentacle)
Wands
 s - a wand of charming (7)
Scrolls
 g - a scroll of blinking {unknown}
 l - 2 scrolls of poison
 m - a scroll of teleportation {unknown}
 n - a scroll of butterflies {unknown}
 t - a scroll of torment {unknown}
Potions
 d - a potion of mutation
 e - a potion of ambrosia
 f - 2 potions of might
 h - a potion of brilliance {unknown}
 o - a potion of lignification {unknown}
 p - a potion of invisibility {unknown}
 q - a potion of attraction {unknown}


   Skills:
 + Level 2.4 Fighting
 + Level 3.8 Short Blades
 - Level 2.0 Throwing
 + Level 1.4 Dodging
 * Level 12.2 Stealth


You had 7 spell levels left.
You didn't know any spells.
Your spell library contained the following spells:

 Spells                   Type           Power      Damage    Failure   Level
 Apportation              Tloc           0%         N/A       22%         1
 Necrotise                Necr           0%         1d4       22%         1
 Sting                    Conj/Alch      0%         1d3       22%         1
 Summon Small Mammal      Summ           0%         N/A       22%         1
 Sculpt Simulacrum        Ice/Alch       0%         N/A       100%        6
 Ozocubu's Refrigeration  Ice            0%         4d7       100%        7
 Polar Vortex             Ice            0%         N/A       100%        9


Dungeon Overview and Level Annotations

Branches:
Dungeon (6/15)
 Temple: D:4-7

Altars:
Elyvilon
Qazlal
Zin

Shops:
D:3 *


Innate Abilities, Weirdness & Mutations

You cannot wear most types of armour.
You are amphibious.
You can wear up to eight rings at the same time.
Your skin changes colour to match your surroundings (Stealth+).
Your rubbery body absorbs attacks. (AC +1, EV +1)
((You are camouflaged when in or above water. (Stealth+)))
You have tentacles for arms and can constrict up to eight enemies at once.
You have a pair of small antennae on your head.


Message History

No target in view!
A hound comes into view.
Found a long copper wand.
A hound is nearby!
You see here a wand of charming (7).
The helpless hound fails to defend itself.
You spit the hound like a pig!!!!
You kill the hound!
You have reached level 8!
s - a wand of charming (7)
t - a scroll labelled AJOUFUPALE You open the door.
There is an open door here.
There is an open door here.
You see here a +2 hat.
No target in view!
A two-headed ogre comes into view.
It is wielding a +0 dire flail and a +0 giant club.
A two-headed ogre is nearby!
A two-headed ogre is nearby!
You hit the two-headed ogre.
The two-headed ogre is lightly wounded.
The two-headed ogre hits you with a +0 dire flail!
The two-headed ogre hits you with a +0 giant club.
You hit the two-headed ogre.
The two-headed ogre is lightly wounded.
You hit the two-headed ogre. You squeeze the two-headed ogre.
The two-headed ogre is moderately wounded.
The two-headed ogre barely misses you.
The two-headed ogre hits you with a +0 giant club!
You are too injured to fight recklessly!
You see here a +2 hat.
u - a +2 hat The two-headed ogre attacks as it pursues you!
The two-headed ogre hits you with a +0 dire flail!
* * * LOW HITPOINT WARNING * * *
The two-headed ogre hits you with a +0 giant club.
* * * LOW HITPOINT WARNING * * *
The two-headed ogre attacks as it pursues you!
The two-headed ogre hits you with a +0 dire flail!
You die...

###############
#..............
#.#......######
#########.#......#
#....O@..........#
#.#######.#.†....#
#
#.........###.#.##
#
#.######........#
# #.# #.####.### #
#.#### #.# ##'## #
#....# #.###...##
# #.##.#
#.##.....## #
#.#..#
#.#.......## ##


You could see a two-headed ogre.

Vanquished Creatures
  An orc warrior (D:6)
  An ogre (D:4)
  A phantom (D:6)
  2 bullfrogs (D:6)
  A scorpion (D:6)
  A howler monkey (D:4)
  2 orc priests (D:6)
  A gnoll bouda (D:5)
  A hound (D:6)
  An iguana (D:5)
  An orc wizard (D:6)
  3 gnolls (D:5)
  10 adders
  A white imp (D:6)
  6 orcs
  4 endoplasms
  2 giant cockroaches
  10 goblins
  5 hobgoblins
  4 jackals
  4 quokkas
  5 ball pythons
  8 bats
  6 frilled lizards
  4 kobolds
  A rat (D:3)
86 creatures vanquished.

Notes
Turn   | Place    | Note
-------+----------+-------------------------------------------
     0 | D:1      | dialectric the Octopode Brigand began the quest for the
                  | Orb.
     0 | D:1      | Reached XP level 1. HP: 14/14 MP: 1/1
   269 | D:1      | Reached XP level 2. HP: 19/19 MP: 2/2
   305 | D:1      | Reached skill level 6 in Stealth
   841 | D:2      | Reached XP level 3. HP: 24/24 MP: 3/3
  1240 | D:2      | Reached skill level 7 in Stealth
  1247 | D:2      | Reached XP level 4. HP: 15/29 MP: 4/4
  1360 | D:3      | Found Zin's Purification Station.
  1360 | D:3      | Found a glowing silver altar of Zin.
  1467 | D:3      | Found a faded altar of an unknown god.
  1842 | D:4      | Reached skill level 8 in Stealth
  1842 | D:4      | Reached XP level 5. HP: 34/34 MP: 5/5
  2031 | D:4      | Noticed an ogre
  2128 | D:4      | Killed an ogre
  2129 | D:4      | Reached skill level 9 in Stealth
  2129 | D:4      | Reached XP level 6. HP: 39/39 MP: 6/6
  2767 | D:5      | Entered Level 5 of the Dungeon
  2767 | D:5      | Found a white marble altar of Elyvilon.
  3051 | D:5      | Reached skill level 10 in Stealth
  3221 | D:6      | Found a stormy altar of Qazlal.
  3249 | D:6      | Noticed an orc warrior
  3263 | D:6      | Killed an orc warrior
  3264 | D:6      | Reached XP level 7. HP: 14/45 MP: 7/7
  3277 | D:6      | HP: 2/45 [poisoned by an adder]
  3278 | D:6      | Gained mutation: You have a pair of small antennae on your
                  | head. [potion of mutation]
  3467 | D:6      | Reached skill level 11 in Stealth
  3777 | D:6      | Reached skill level 12 in Stealth
  3876 | D:6      | Reached XP level 8. HP: 51/51 MP: 8/8
  3911 | D:6      | Noticed a two-headed ogre
  3924 | D:6      | Slain by a two-headed ogre

Illustrated notes

Levels and vault maps discovered:
D:1:      spicycebolla_arrival_clurvy, layout_basic, minmay_domino_4
D:2:      layout_rooms
D:3:      minmay_general_purpose_star, layout_rooms, zin_purify,
          dreamdust_ecumenical_altar_statues
D:4:      layout_basic, minivault_27
D:5:      layout_basic, elyvilon_altar_3, minmay_temple_entry_hall,
          uniq_eustachio
D:6:      layout_loops_corners, grunt_qazlal_clouds

Skill      XL: |  1  2  3  4  5  6  7 |
---------------+----------------------+-----
Stealth        | 6 7 8 9 10 12 | 12.2
Short Blades   | 3 |  3.8
Fighting       | |  2.4
Throwing       | |  2.0
Dodging        | |  1.4

Action                     |  1- 3 |  4- 6 |  7- 9 || total
---------------------------+-------+-------+-------++-------
  Melee: Dagger            |    56 |    62 |    25 ||   143
         Constrict         |    16 |    11 |     6 ||    33
         Tentacles         |    12 |    14 |     5 ||    31
         Punch             |     1 |     2 |       ||     3
  Throw: Dart              |       |     3 |     1 ||     4
    Use: Scroll            |       |     3 |       ||     3
         Potion            |       |       |     3 ||     3
   Stab: Sleeping          |     9 |    22 |     7 ||    38
         Distracted        |       |     2 |       ||     2
 Armour: Skin              |    15 |    18 |    16 ||    49
  Dodge: Dodged            |    43 |    24 |    11 ||    78
